[ AOE2 MATCH · #505583847 ]
UnrankedMongols vs Wu
Player's team · LOSS
Rival team · WIN
[ REPLAY ANALYSIS · EXTRACTED FROM THE RECORDED GAME ]
Feudal
10:30
Castle
—
Imperial
—
| APM avg | 79.6 |
| APM peak | 138 |
| eAPM avg | 32.3 |
| Villagers / military | 44 / 19 |
Focus
⚔️ 30.9% · 🌾 69.1%
Archer ×14 · Militia ×4 · Skirmisher ×1
Feudal
9:17
Castle
—
Imperial
—
| APM avg | 65.7 |
| APM peak | 90 |
| eAPM avg | 21.4 |
| Villagers / military | 30 / 24 |
Focus
⚔️ 38.1% · 🌾 61.9%
Archer ×14 · Militia ×7 · Skirmisher ×3
Match map
Initial resources + every placement click. Lines = walls · curves = elevation contours. ◆ gold · ⬟ stone · ● berries · ✦ relic · ◌ wall gap
Your base· Open — 4t gap
GAX | Ry4n's base· Open — unwalled flank
Smoothed initial terrain · ◌ = detected wall gap · hover for details
Inputs per minute
— Gil-galad - - GAX | Ry4n
Build order — Gil-galad
113 actions detected in the replay
| 0:00 | Create | Villager (Male) |
| 0:01 | Create | Villager (Male) |
| 0:02 | Build | House |
| 0:02 | Build | House |
| 0:05 | Create | Villager (Male) |
| 0:05 | Create | Villager (Male) |
| 0:05 | Create | Villager (Male) |
| 1:19 | Build | Lumber Camp |
| 1:29 | Create | Villager (Male) |
| 2:03 | Create | Villager (Male) |
| 2:26 | Create | Villager (Male) |
| 2:26 | Create | Villager (Male) |
| 2:26 | Create | Villager (Male) |
| 2:49 | Create | Villager (Male) |
| 2:49 | Create | Villager (Male) |
| 3:24 | Build | House |
| 3:33 | Create | Villager (Male) |
| 3:33 | Create | Villager (Male) |
| 3:34 | Create | Villager (Male) |
| 4:10 | Build | Barracks |
| 4:28 | Create | Villager (Male) |
| 4:36 | Build | House |
| 4:52 | Create | Villager (Male) |
| 5:04 | Create | Militia |
| 5:04 | Create | Militia |
| 5:07 | Create | Villager (Male) |
| 5:29 | Create | Militia |
| 5:34 | Create | Villager (Male) |
| 5:47 | Build | Mill |
| 5:53 | Create | Villager (Male) |
| 6:04 | Create | Villager (Male) |
| 6:29 | Create | Villager (Male) |
| 6:44 | Create | Villager (Male) |
| 6:57 | Build | House |
| 7:17 | Create | Villager (Male) |
| 7:19 | Build | Mill |
| 7:50 | Research | Loom |
| 8:04 | Research | Feudal Age |
| 8:04 | Research | Feudal Age |
| 8:42 | Build | House |
| 8:44 | Build | Palisade Wall |
| 8:50 | Create | Villager (Male) |
| 9:07 | Build | Palisade Wall |
| 9:10 | Build | Palisade Wall |
| 9:13 | Create | Villager (Male) |
| 9:20 | Build | Mining Camp |
| 10:00 | Create | Villager (Male) |
| 10:05 | Build | Palisade Wall |
| 10:06 | Build | Palisade Wall |
| 10:14 | Build | Palisade Wall |
| 10:17 | Build | Palisade Wall |
| 10:18 | Build | Palisade Wall |
| 10:18 | Build | Palisade Wall |
| 10:30 | Age | Feudal Age |
| 10:32 | Build | Palisade Wall |
| 10:32 | Build | Palisade Wall |
| 10:46 | Build | Archery Range |
| 10:51 | Research | Horse Collar |
| 11:00 | Research | Double-Bit Axe |
| 11:10 | Build | Palisade Gate |
| 11:17 | Build | House |
| 11:32 | Build | Palisade Wall |
| 11:36 | Create | Villager (Male) |
| 11:39 | Create | Skirmisher |
| 11:44 | Build | Palisade Wall |
| 11:45 | Build | House |
| 11:48 | Build | Palisade Wall |
| 12:03 | Create | Archer |
| 12:03 | Create | Villager (Male) |
| 12:25 | Build | Palisade Wall |
| 12:35 | Build | Palisade Wall |
| 12:36 | Create | Villager (Male) |
| 12:37 | Create | Archer |
| 12:42 | Build | Blacksmith |
| 12:49 | Build | Farm |
| 12:51 | Build | Farm |
| 12:53 | Create | Archer |
| 12:54 | Create | Villager (Male) |
| 12:57 | Build | House |
| 13:14 | Build | Farm |
| 13:14 | Create | Villager (Male) |
| 13:28 | Create | Militia |
| 13:37 | Build | Farm |
| 13:39 | Build | Farm |
| 13:40 | Create | Villager (Male) |
| 13:48 | Create | Villager (Male) |
| 13:54 | Create | Archer |
| 14:00 | Build | Farm |
| 14:03 | Build | House |
| 14:04 | Create | Villager (Male) |
| 14:10 | Create | Archer |
| 14:43 | Build | Watch Tower |
| 14:57 | Create | Archer |
| 15:06 | Create | Villager (Male) |
| 15:25 | Create | Archer |
| 15:31 | Create | Archer |
| 15:35 | Create | Villager (Male) |
| 15:39 | Build | Lumber Camp |
| 15:43 | Create | Archer |
| 15:46 | Create | Villager (Male) |
| 15:50 | Create | Archer |
| 15:52 | Create | Villager (Male) |
| 16:07 | Create | Archer |
| 16:10 | Create | Villager (Male) |
| 16:40 | Create | Archer |
| 16:53 | Create | Archer |
| 16:59 | Create | Villager (Male) |
| 17:01 | Build | Archery Range |
| 17:05 | Build | Mining Camp |
| 17:17 | Create | Villager (Male) |
| 17:34 | Create | Villager (Male) |
| 17:44 | Create | Archer |
| 17:54 | Create | Villager (Male) |
Build order — GAX | Ry4n
101 actions detected in the replay
| 0:02 | Create | Villager (Male) |
| 0:02 | Create | Villager (Male) |
| 0:03 | Build | House |
| 0:04 | Build | House |
| 0:10 | Create | Villager (Male) |
| 0:10 | Create | Villager (Male) |
| 1:24 | Create | Villager (Male) |
| 1:50 | Create | Villager (Male) |
| 1:55 | Build | Lumber Camp |
| 2:20 | Create | Villager (Male) |
| 2:20 | Create | Villager (Male) |
| 2:53 | Create | Villager (Male) |
| 2:58 | Create | Villager (Male) |
| 3:37 | Create | Villager (Male) |
| 3:49 | Build | House |
| 4:02 | Create | Villager (Male) |
| 4:09 | Build | Mill |
| 4:17 | Create | Villager (Male) |
| 4:36 | Create | Villager (Male) |
| 4:56 | Create | Villager (Male) |
| 5:12 | Create | Villager (Male) |
| 5:22 | Create | Villager (Male) |
| 5:45 | Create | Villager (Male) |
| 6:00 | Build | Barracks |
| 6:28 | Build | House |
| 6:30 | Research | Loom |
| 6:43 | Build | House |
| 6:52 | Build | Palisade Wall |
| 7:07 | Research | Feudal Age |
| 7:13 | Build | House |
| 7:22 | Build | House |
| 7:30 | Create | Militia |
| 7:59 | Build | House |
| 8:06 | Create | Militia |
| 8:07 | Create | Militia |
| 8:26 | Create | Villager (Male) |
| 9:17 | Age | Feudal Age |
| 9:18 | Research | Man-at-Arms (upgrade) |
| 9:22 | Build | Mining Camp |
| 9:46 | Create | Militia |
| 10:02 | Create | Villager (Male) |
| 10:09 | Build | Archery Range |
| 10:12 | Create | Militia |
| 10:22 | Build | House |
| 10:49 | Build | Watch Tower |
| 11:05 | Create | Villager (Male) |
| 11:06 | Create | Archer |
| 11:06 | Create | Archer |
| 11:27 | Create | Militia |
| 11:36 | Create | Villager (Male) |
| 11:48 | Build | Blacksmith |
| 12:01 | Create | Militia |
| 12:15 | Build | Mining Camp |
| 12:26 | Build | Palisade Wall |
| 12:26 | Build | Palisade Wall |
| 12:27 | Build | Palisade Wall |
| 12:28 | Build | Palisade Wall |
| 12:28 | Build | Palisade Wall |
| 12:34 | Build | House |
| 12:35 | Build | Palisade Wall |
| 12:45 | Create | Archer |
| 12:45 | Create | Archer |
| 12:48 | Build | House |
| 12:54 | Create | Archer |
| 13:17 | Build | House |
| 13:20 | Create | Skirmisher |
| 13:48 | Create | Villager (Male) |
| 14:05 | Build | Watch Tower |
| 14:19 | Create | Archer |
| 14:29 | Create | Skirmisher |
| 14:29 | Create | Skirmisher |
| 15:23 | Create | Archer |
| 15:23 | Create | Archer |
| 15:31 | Create | Archer |
| 15:34 | Create | Villager (Male) |
| 15:39 | Create | Villager (Male) |
| 15:40 | Create | Villager (Male) |
| 15:43 | Build | House |
| 15:44 | Build | House |
| 15:45 | Build | House |
| 16:07 | Create | Archer |
| 16:14 | Create | Villager (Male) |
| 16:23 | Research | Fletching |
| 16:23 | Research | Fletching |
| 16:32 | Create | Villager (Male) |
| 16:44 | Create | Villager (Male) |
| 16:49 | Build | Watch Tower |
| 16:57 | Create | Archer |
| 16:58 | Create | Archer |
| 17:11 | Build | Farm |
| 17:12 | Build | Farm |
| 17:14 | Build | House |
| 17:14 | Create | Villager (Male) |
| 17:27 | Create | Archer |
| 17:27 | Create | Archer |
| 17:34 | Build | House |
| 17:48 | Build | Palisade Wall |
| 17:48 | Build | Palisade Wall |
| 17:49 | Build | Palisade Wall |
| 17:50 | Build | Palisade Wall |
| 18:06 | Build | House |
Match timeline
| 4:10 | Gil-galad · first_building Barracks |
| 6:00 | GAX | Ry4n · first_building Barracks |
| 6:52 | GAX | Ry4n · wall_segment Palisade Wall x4 |
| 8:44 | Gil-galad · wall_segment Palisade Wall x1 |
| 9:07 | Gil-galad · wall_segment Palisade Wall x3 |
| 9:10 | Gil-galad · wall_segment Palisade Wall x3 |
| 9:17 | GAX | Ry4n · age_up feudal |
| 10:05 | Gil-galad · wall_segment Palisade Wall x5 |
| 10:06 | Gil-galad · wall_segment Palisade Wall x9 |
| 10:09 | GAX | Ry4n · first_building Archery Range |
| 10:14 | Gil-galad · wall_segment Palisade Wall x12 |
| 10:17 | Gil-galad · wall_segment Palisade Wall x1 |
| 10:18 | Gil-galad · wall_segment Palisade Wall x1 |
| 10:18 | Gil-galad · wall_segment Palisade Wall x1 |
| 10:30 | Gil-galad · age_up feudal |
| 10:32 | Gil-galad · wall_segment Palisade Wall x1 |
| 10:32 | Gil-galad · wall_segment Palisade Wall x1 |
| 10:46 | Gil-galad · first_building Archery Range |
| 11:32 | Gil-galad · wall_segment Palisade Wall x1 |
| 11:44 | Gil-galad · wall_segment Palisade Wall x1 |
| 11:48 | Gil-galad · wall_segment Palisade Wall x4 |
| 12:25 | Gil-galad · wall_segment Palisade Wall x1 |
| 12:26 | GAX | Ry4n · wall_segment Palisade Wall x1 |
| 12:26 | GAX | Ry4n · wall_segment Palisade Wall x1 |
| 12:27 | GAX | Ry4n · wall_segment Palisade Wall x1 |
| 12:28 | GAX | Ry4n · wall_segment Palisade Wall x1 |
| 12:28 | GAX | Ry4n · wall_segment Palisade Wall x1 |
| 12:35 | GAX | Ry4n · wall_segment Palisade Wall x4 |
| 12:35 | Gil-galad · wall_segment Palisade Wall x1 |
| 17:48 | GAX | Ry4n · wall_segment Palisade Wall x1 |
| 17:48 | GAX | Ry4n · wall_segment Palisade Wall x1 |
| 17:49 | GAX | Ry4n · wall_segment Palisade Wall x1 |
| 17:50 | GAX | Ry4n · wall_segment Palisade Wall x1 |
| 18:25 | Gil-galad · resign |
[ AI ANALYSIS · 1 CREDIT ]
What really happened in this match?
Wolo.gg analyzes every decision: build order, eco, micro, common mistakes by bracket. Personalized analysis on WhatsApp or Discord in 30 seconds.
Civ guide
Mongols
Perfil
Jugador #322559